 Dungeon Crawl Stone Soup version 0.28.0-45-g0d030f2227 (webtiles) character file.

Game seed: 514672202282254735

1216 Ablot the Cutter (level 8, -6/80 HPs)
             Began as a Gnoll Chaos Knight on Apr 19, 2022.
             Was a Plaything of Xom.
             Mangled by a swamp drake (15 damage)
             ... on level 6 of the Dungeon.
             The game lasted 00:07:40 (7487 turns).

Ablot the Cutter (Gnoll Chaos Knight)               Turns: 7487, Time: 00:07:41

Health: -6/80      AC:  8    Str: 14    XL:     8   Next: 46%
Magic:  21/21      EV: 11    Int: 11    God:    Xom [.....*]
Gold:   227        SH:  0    Dex: 10    Spells: 13/13 levels left

rFire   . . .      SeeInvis +   a - +0 short sword (chaos)
rCold   . . .      Faith    .   (no shield)
rNeg    . . .      Spirit   .   j - +1 ring mail {rPois}
rPois   +          Reflect  .   (no helmet)
rElec   .          Harm     .   s - +0 cloak
rCorr   .          Rampage  .   (no gloves)
Will    +....      Clarity  +   (no boots)
Stlth   +.........              f - amulet of magic regeneration
HPRegen 0.23/turn               t - ring of willpower
MPRegen 0.57/turn               w - ring of magical power

@: no status effects
A: fangs 1, strong nose, distributed training, iridescent scales 1, see
invisible, clarity, clumsy 1, deformed body, poison resistance, robust 2, wild
magic 1
a: Renounce Religion


You were on level 6 of the Dungeon.
You worshipped Xom.
You were Xom's teddy bear.
You visited 1 branch of the dungeon, and saw 6 of its levels.

You collected 227 gold pieces.

Inventory:

Hand Weapons
 a - a +0 short sword of chaos (weapon)
 r - a +3 quarterstaff of chaos
Missiles
 h - 53 sling bullets
 i - 44 arrows
 p - 121 stones (quivered)
Armour
 j - a +1 ring mail of poison resistance (worn)
 s - a +0 cloak (worn)
Magical Staves
 y - a staff of cold
Jewellery
 f - an amulet of magic regeneration (around neck)
 t - a ring of willpower (left hand)
 w - a ring of magical power (right hand)
Wands
 n - a wand of flame (11)
Scrolls
 b - a scroll of vulnerability {unknown}
 e - a scroll of brand weapon {unknown}
 l - a scroll of magic mapping {unknown}
 o - a scroll of fear {unknown}
 v - a scroll of identify {unknown}
Potions
 c - a potion of curing
 d - a potion of might {unknown}
 g - a potion of ambrosia {unknown}
 k - a potion of haste {unknown}
 q - a potion of attraction {unknown}
 u - a potion of invisibility {unknown}
 x - 2 potions of degeneration {unknown}
 z - a potion of magic {unknown}


   Skills:
 + Level 7.4 Fighting
 + Level 7.4 Short Blades
 + Level 3.3 Long Blades
 + Level 3.3 Axes
 + Level 3.3 Maces & Flails
 + Level 3.3 Polearms
 + Level 3.3 Staves
 + Level 3.3 Slings
 + Level 3.3 Bows
 + Level 3.3 Crossbows
 + Level 3.3 Throwing
 + Level 5.7 Armour
 + Level 4.2 Dodging
 + Level 3.3 Stealth
 + Level 3.3 Shields
 + Level 3.3 Unarmed Combat
 + Level 3.3 Spellcasting
 + Level 2.6 Conjurations
 + Level 2.6 Hexes
 + Level 2.6 Summonings
 + Level 2.6 Necromancy
 + Level 2.6 Translocations
 + Level 2.6 Transmutations
 + Level 2.6 Fire Magic
 + Level 2.6 Ice Magic
 + Level 2.6 Air Magic
 + Level 2.6 Earth Magic
 + Level 2.6 Poison Magic
 + Level 3.6 Invocations
 + Level 3.3 Evocations


You had 13 spell levels left.
You didn't know any spells.
Your spell library contained the following spells:

 Spells                   Type           Power      Damage    Failure   Level
 Corpse Rot               Necr/Air       20%        N/A       32%         2
 Poisonous Vapours        Pois/Air       20%        N/A       32%         2


Dungeon Overview and Level Annotations

Branches:
Dungeon (6/15)             Temple (0/1) D:5

Altars:
Ru
Uskayaw
Vehumet
Zin

Shops:
D:1 =   D:5 :

Portals:
Abyss: D:3

Annotations:
D:3 2 transporters, hitsuchi's ghost, amateur DESu
D:4 2 transporters, Kziril's ghost, novice GrFi


Innate Abilities, Weirdness & Mutations

You have very sharp teeth.
Your uncanny sense of smell can sniff out nearby items.
Your experience applies equally to all skills.
You are partially covered in iridescent scales. (AC +2)
You have supernaturally acute eyesight. (SInv)
You possess an exceptional clarity of mind.
You are clumsy. (Dex -2)
Armour fits poorly on your strangely shaped body.
Your system is resistant to poisons. (rPois)
You are very robust. (+20% HP)
Your spells are a little harder to cast, but a little more powerful.


Message History

The noxious blast engulfs you but does no damage.
You resist.
You barely miss the swamp drake.
The swamp drake is moderately wounded.
The swamp drake bites you but does no damage.
You hit the swamp drake but do no damage.
Your bite misses the swamp drake.
The swamp drake is moderately wounded.
The swamp drake barely misses you.
You hit the swamp drake but do no damage.
Your bite misses the swamp drake.
The swamp drake is moderately wounded.
You completely miss the swamp drake. You punch the swamp drake.
The swamp drake is heavily wounded.
The swamp drake bites you.
You hit the swamp drake.
The swamp drake goes berserk!
The swamp drake is severely wounded.
The swamp drake closely misses you.
Unknown command.
You hit the swamp drake but do no damage.
Lightning courses through the swamp drake!
Your bite misses the swamp drake.
The swamp drake is almost dead.
The swamp drake bites you but does no damage.
You barely miss the swamp drake.
The swamp drake is almost dead.
The swamp drake bites you!
You hit the swamp drake but do no damage.
The swamp drake is almost dead.
The swamp drake bites you!
* * * LOW HITPOINT WARNING * * *
The swamp drake bites you!
* * * LOW HITPOINT WARNING * * *
You completely miss the swamp drake.
The swamp drake is almost dead.
The swamp drake bites you!
* * * LOW HITPOINT WARNING * * *
Unknown command.
It was a potion of curing.
You feel better. The swamp drake bites you!
You die...

#............# #..#
#..#....###### #..#
...#...>.## #..#
..........#### #..#
.............# #..##
.............# ##...##
.........#...# ##.....##
....#...###.####..)....#
............##..@k.....#
##.###.######..........#
..............#.......##
#############...##...##
##.####### #.# #.# #.#
.#


You could see a swamp drake (berserk, poisoned).

Vanquished Creatures
  A wyvern (D:5)
  A water moccasin (D:5)
  A sky beast (D:6)
  3 ogres
  2 scorpions (D:5)
  A water moccasin zombie (D:5)
  Crazy Yiuf (D:3)
  2 jellies
  A hound (D:5)
  2 bullfrog skeletons (D:5)
  2 iguanas
  Natasha (thrice) (D:3)
  3 gnolls (D:3)
  5 adders
  An adder zombie (D:5)
  An adder skeleton (D:4)
  2 worms
  2 dart slugs
  2 orcs (D:6)
  A bat (D:1)
  5 endoplasms
  4 giant cockroaches
  7 hobgoblins
  4 jackals (D:1)
  A quokka (D:4)
  4 ball pythons
  5 frilled lizards
  11 goblins
  A kobold (D:3)
  5 rats
  4 toadstools (D:1)
88 creatures vanquished.

Vanquished Creatures (others)
  A fungus (D:3)
1 creature vanquished.

Grand Total: 89 creatures vanquished

Notes
Turn   | Place    | Note
-------+----------+-------------------------------------------
     0 | D:1      | Ablot the Gnoll Chaos Knight began the quest for the Orb.
     0 | D:1      | Reached XP level 1. HP: 23/23 MP: 1/1
    48 | D:1      | Found Idyl Lem's Jewellery Shop.
    79 | D:1      | XOM: potion effect (might)
   338 | D:1      | XOM: divination: detect items
   358 | D:1      | XOM: divination: detect items
   381 | D:1      | Reached XP level 2. HP: 29/29 MP: 2/2
   514 | D:1      | You fall into a shaft and drop 1 floor!
   824 | D:1      | Reached XP level 3. HP: 31/35 MP: 3/3
  1321 | D:1      | XOM: silly message
  1422 | D:2      | Found a faded altar of an unknown god.
  1606 | D:2      | Reached skill level 1 in Invocations
  1638 | D:2      | XOM: scenery: summon butterflies
  1976 | D:3      | XOM: silly message
  1983 | D:3      | Reached skill level 1 in Long Blades
  1983 | D:3      | Reached skill level 1 in Axes
  1983 | D:3      | Reached skill level 1 in Maces & Flails
  1983 | D:3      | Reached skill level 1 in Polearms
  1983 | D:3      | Reached skill level 1 in Staves
  1983 | D:3      | Reached skill level 1 in Slings
  1983 | D:3      | Reached skill level 1 in Bows
  1983 | D:3      | Reached skill level 1 in Crossbows
  1983 | D:3      | Reached skill level 1 in Throwing
  1983 | D:3      | Reached skill level 1 in Stealth
  1983 | D:3      | Reached skill level 1 in Shields
  1983 | D:3      | Reached skill level 1 in Unarmed Combat
  1983 | D:3      | Reached skill level 1 in Spellcasting
  1983 | D:3      | Reached skill level 1 in Evocations
  2053 | D:3      | Found a radiant altar of Vehumet.
  2087 | D:3      | Found a transporter.
  2152 | D:3      | Reached XP level 4. HP: 34/41 MP: 5/5
  2337 | D:3      | Found a one-way gate to the infinite horrors of the Abyss.
  2341 | D:3      | Found a transporter.
  2395 | D:3      | XOM: 2-stop teleportation journey
  2406 | D:3      | Noticed an ancient zyme
  2432 | D:3      | XOM: torment (22/41 hp)
  2482 | D:3      | XOM: cloud trail
  3007 | D:3      | Reached skill level 1 in Conjurations
  3007 | D:3      | Reached skill level 1 in Hexes
  3007 | D:3      | Reached skill level 1 in Summonings
  3007 | D:3      | Reached skill level 1 in Necromancy
  3007 | D:3      | Reached skill level 1 in Translocations
  3007 | D:3      | Reached skill level 1 in Transmutations
  3007 | D:3      | Reached skill level 1 in Fire Magic
  3007 | D:3      | Reached skill level 1 in Ice Magic
  3007 | D:3      | Reached skill level 1 in Air Magic
  3007 | D:3      | Reached skill level 1 in Earth Magic
  3007 | D:3      | Reached skill level 1 in Poison Magic
  3148 | D:3      | XOM: enchant monster (good)
  3155 | D:3      | Reached XP level 5. HP: 28/47 MP: 5/7
  3205 | D:3      | XOM: summons 3 hostile shadow creatures
  3345 | D:3      | Found a runed translucent door.
  3346 | D:3      | Noticed Crazy Yiuf
  3360 | D:3      | Killed Crazy Yiuf
  3454 | D:3      | Noticed hitsuchi's ghost (amateur DESu)
  3457 | D:3      | Noticed a small abomination
  3524 | D:3      | Noticed Natasha
  3537 | D:3      | XOM: enchant monster (good)
  3544 | D:3      | Killed Natasha
  3683 | D:3      | Noticed Natasha
  3696 | D:3      | Killed Natasha
  3761 | D:3      | Noticed a kobold brigand
  3975 | D:3      | Noticed Natasha
  3986 | D:3      | Killed Natasha
  3987 | D:3      | Reached XP level 6. HP: 37/53 MP: 8/8
  4080 | D:4      | Found a transporter.
  4315 | D:4      | XOM: confuse monster(s)
  4401 | D:4      | XOM: enchant monster (good)
  4407 | D:4      | Reached skill level 5 in Armour
  4443 | D:4      | Found a transporter.
  4443 | D:4      | Noticed Kziril's ghost (novice GrFi)
  4751 | D:4      | XOM: give mutation
  4751 | D:4      | Gained mutation: You are robust. (+10% HP) [Xom's grace]
  4907 | D:4      | Found a glowing silver altar of Zin.
  4945 | D:4      | XOM: cloud trail
  4988 | D:4      | XOM: give mutations
  4988 | D:4      | Gained mutation: Your spells are a little harder to cast,
                  | but a little more powerful. [Xom's grace]
  4988 | D:4      | Gained mutation: You are partially covered in iridescent
                  | scales. (AC +2) [Xom's grace]
  5147 | D:4      | XOM: give mutation
  5147 | D:4      | Gained mutation: Your mind is acute. (Int +2) [Xom's grace]
  5234 | D:4      | XOM: stat loss: -1 Int (12/13)
  5278 | D:5      | Entered Level 5 of the Dungeon
  5278 | D:5      | Noticed a water moccasin
  5279 | D:5      | XOM: enchant monster (good)
  5281 | D:5      | XOM: enchant monster (good)
  5318 | D:5      | XOM: smoke on damage
  5323 | D:5      | XOM: divination: detect creatures
  5330 | D:5      | Killed a water moccasin
  5331 | D:5      | Reached XP level 7. HP: 44/66 MP: 10/10
  5386 | D:5      | XOM: stat loss: -1 Int (12/13)
  5459 | D:5      | Found a staircase to the Ecumenical Temple.
  5494 | D:5      | XOM: enchant monster (good)
  5628 | D:5      | Noticed a wyvern
  5640 | D:5      | XOM: noise
  5645 | D:5      | Killed a wyvern
  5789 | D:5      | XOM: 1-stop teleportation journey
  5957 | D:5      | XOM: give mutations
  5957 | D:5      | Lost mutation: Your mind is acute. (Int +2) [Xom's
                  | mischief]
  5957 | D:5      | Lost mutation: You are partially covered in iridescent
                  | scales. (AC +2) [Xom's mischief]
  5957 | D:5      | Gained mutation: Your system is resistant to poisons.
                  | (rPois) [Xom's mischief]
  5957 | D:5      | Gained mutation: You are clumsy. (Dex -2) [Xom's mischief]
  5965 | D:5      | Reached XP level 8. HP: 66/73 MP: 12/12
  6049 | D:5      | Found Veqep's Book Boutique.
  6080 | D:5      | HP: 1/73 [ogre/+0 giant club (22)]
  6173 | D:5      | XOM: summons 2 hostile shadow creatures
  6192 | D:6      | Found a hide-covered altar of Uskayaw.
  6351 | D:6      | XOM: give mutations
  6351 | D:6      | Gained mutation: You possess an exceptional clarity of
                  | mind. [Xom's grace]
  6351 | D:6      | Gained mutation: You are very robust. (+20% HP) [Xom's
                  | grace]
  6351 | D:6      | Gained mutation: You have supernaturally acute eyesight.
                  | (SInv) [Xom's grace]
  6351 | D:6      | Gained mutation: You are partially covered in iridescent
                  | scales. (AC +2) [Xom's grace]
  6544 | D:5      | XOM: polymorph scorpion -> iguana
  6737 | D:5      | XOM: divination: detect creatures
  7319 | D:6      | XOM: confuse monster(s)
  7362 | D:6      | XOM: give mutation
  7362 | D:6      | Gained mutation: Armour fits poorly on your strangely
                  | shaped body. [Xom's mischief]
  7416 | D:6      | XOM: summons friendly crimson imp
  7418 | D:6      | Found a sacrificial altar of Ru.
  7418 | D:6      | XOM: 2-stop teleportation journey
  7475 | D:6      | XOM: polymorph centaur -> swamp drake
  7486 | D:6      | HP: 4/80 [swamp drake (11)]
  7487 | D:6      | Mangled by a swamp drake

Illustrated notes

Levels and vault maps discovered:
D:1:      ldierk_water_garden, layout_loops_ring, serial_shops,
          nicolae_shop_waterfront, st_stairs_14
D:2:      layout_basic, shapermc_ecumenical_altar_ellora
D:3:      layout_basic, vehumet_altar_wand_db, gammafunk_ghost_abyssal_escape,
          uniq_natasha, uniq_crazy_yiuf_cottage
D:4:      layout_layer_cave, mainiacjoe_overflow_catwalk,
          gammafunk_ghost_mausoleum, serial_bayou, serial_bayou_shore_b,
          serial_bayou_lagoon_b, serial_bayou_pond_b, serial_bayou_pond_c
D:5:      layout_basic, minmay_temple_entry_hall, serial_shops,
          nicolae_diamond_shop, hex_intersection
D:6:      layout_loops_ring, nicolae_gozag_cash_rules_everything_around_me,
          grunt_temple_overflow_diamond, eat_drink_and_be_merry_uskayaw,
          amcnicky_altar_gilded, minmay_misc_feat_ornament

Skill      XL: |  1  2  3  4  5  6  7  8 |
---------------+-------------------------+-----
Invocations    | 1 2 3 |  3.6
Long Blades    | 1 2 3 |  3.3
Axes           | 1 2 3 |  3.3
Maces & Flails | 1 2 3 |  3.3
Polearms       | 1 2 3 |  3.3
Staves         | 1 2 3 |  3.3
Slings         | 1 2 3 |  3.3
Bows           | 1 2 3 |  3.3
Crossbows      | 1 2 3 |  3.3
Throwing       | 1 2 3 |  3.3
Stealth        | 1 2 3 |  3.3
Shields        | 1 2 3 |  3.3
Unarmed Combat | 1 2 3 |  3.3
Spellcasting   | 1 2 3 |  3.3
Evocations     | 1 2 3 |  3.3
Conjurations   | 1 2 |  2.6
Hexes          | 1 2 |  2.6
Summonings     | 1 2 |  2.6
Necromancy     | 1 2 |  2.6
Translocations | 1 2 |  2.6
Transmutations | 1 2 |  2.6
Fire Magic     | 1 2 |  2.6
Ice Magic      | 1 2 |  2.6
Air Magic      | 1 2 |  2.6
Earth Magic    | 1 2 |  2.6
Poison Magic   | 1 2 |  2.6
Dodging        | 3 4 |  4.2
Armour         | 5 |  5.7
Fighting       | 7 |  7.4
Short Blades   | 7 |  7.4

Action                   |  1- 3 |  4- 6 |  7- 9 || total
-------------------------+-------+-------+-------++-------
Melee: Short sword       |   120 |   176 |   120 ||   416
       Bite              |    13 |    15 |     9 ||    37
       Punch             |     1 |     7 |     5 ||    13
Throw: Throwing net      |       |     1 |     1 ||     2
  Use: Potion            |       |       |     1 ||     1
 Stab: Paralysed         |     1 |     2 |       ||     3
       Sleeping          |     1 |       |       ||     1
       Petrified         |       |     2 |       ||     2
       Petrifying        |       |     1 |       ||     1
       Confused          |       |       |     3 ||     3
Armor: Leather armour    |    31 |       |       ||    31
       Ring mail         |    10 |    47 |    36 ||    93
Dodge: Dodged            |    45 |    69 |    42 ||   156
